AoeStats
← lamanito6

Highland

505271005Analyzed
4v4 RM · 24d ago on Sep 8, 2026· 61m 11s· 8 players
Game mode
Random Map
Map size
Large (8 player)
Population
200
Speed
Normal
Resources
Standard
Victory
Conquest
Starting age
Dark Age
Ending age
Imperial Age
RankedLock teamsTeams togetherTeam positionsShared explorationLock speedFull tech treeHidden civsTurbo modeCheats
Victory
Defeat
🇲🇦 Persians · Morocco
1152
+15
🇬🇧 Mongols · United Kingdom
1143
+15
🇧🇪 Tatars · Belgium
1137
+16
🇪🇸 Muisca · Spain
1112
+17
🇮🇳 Sicilians · India
1165
-17
🇮🇳 Jurchens · India
1127
-16
🇮🇳 Khitans · India
1121
-15
🇩🇪 Saracens · Germany
1103
-15
noumha
10:45 Feudal Age
10:19 Loom
12:02 Horse Collar
19:40 Castle Age
23:38 Fletching
23:48 Padded Archer Armor
33:23 Double-Bit Axe
36:12 Imperial Age
33:53 Silk Armor
35:23 Bodkin Arrow
35:43 Leather Archer Armor
35:34 Scale Barding Armor
36:19 Ballistics
37:46 Wheelbarrow
38:13 Chemistry
37:43 Bloodlines
37:34 Husbandry
38:19 Heavy Camel Rider
39:57 Caravan
39:24 Light Cavalry
40:17 Gold Mining
40:16 Double-Bit Axe
41:19 Conscription
41:38 Bow Saw
42:02 Ring Archer Armor
43:03 Chain Barding Armor
43:23 Heavy Cavalry Archer
45:05 Fortified Wall
47:34 Hussar
48:18 Bracer
48:29 Forging
52:08 Hand Cart
54:52 Iron Casting
54:53 Plate Barding Armor
59:42 Blast Furnace
KingTeOTep
4:47 Loom
11:45 Feudal Age
12:32 Double-Bit Axe
16:54 Castle Age
16:34 Stone Mining
16:44 Horse Collar
17:06 Fishing Lines
18:13 Bow Saw
19:26 Stone Shaft Mining
19:22 Town Watch
21:01 Gillnets
23:10 Wheelbarrow
24:15 Hand Cart
25:48 Heavy Plow
27:06 Gold Mining
31:11 Imperial Age
29:11 Masonry
28:54 Fletching
29:10 Scale Barding Armor
29:31 Bodkin Arrow
30:12 Forging
30:19 Heated Shot
30:50 Ballistics
31:27 Town Patrol
32:02 Crop Rotation
31:50 Husbandry
31:55 Squires
33:21 Gold Shaft Mining
33:16 Caravan
33:37 Caravan
34:16 Bloodlines
33:55 Cavalier
35:33 Chain Barding Armor
37:22 Plate Barding Armor
36:45 Savar
38:55 Architecture
39:28 Iron Casting
40:11 Conscription
40:05 Citadels
40:25 Padded Archer Armor
41:26 Blast Furnace
40:05 Pikeman
40:31 Gambesons
40:32 Arson
41:07 Halberdier
42:18 Leather Archer Armor
42:04 Scale Mail Armor
42:14 Thumb Ring
41:30 Crossbowman
43:49 Two-Man Saw
44:29 Chemistry
44:56 Hoardings
45:31 Ring Archer Armor
45:17 Chain Mail Armor
45:52 Heavy Camel Rider
47:04 Sappers
47:32 Murder Holes
48:49 Kamandaran
50:03 Elite War Elephant
51:52 Plate Mail Armor
52:04 Guilds
52:24 Coinage
59:28 Banking
59:11 Light Cavalry
lamanito6
11:20 Feudal Age
10:11 Loom
11:58 Horse Collar
12:05 Double-Bit Axe
18:39 Castle Age
16:34 Stone Mining
17:00 Gold Mining
20:37 Heavy Plow
20:50 Bow Saw
22:25 Wheelbarrow
24:20 Forging
24:10 Scale Mail Armor
23:47 Champi Runner
24:40 Champi Warrior
27:07 Chain Mail Armor
27:25 Squires
35:44 Imperial Age
34:17 Iron Casting
36:11 Herbalism
36:04 Elite Temple Guard
38:32 Plate Mail Armor
41:30 Fletching
42:21 Bodkin Arrow
44:05 Ballistics
43:49 Bracer
44:16 Elite Champi Warrior
50:24 Elite Guecha Warrior
51:25 Heavy Plow
53:05 Padded Archer Armor
56:06 Chemistry
seaguloftime
10:07 Feudal Age
10:59 Double-Bit Axe
11:20 Loom
18:42 Castle Age
17:19 Fletching
18:13 Gold Mining
18:14 Stone Mining
19:38 Bow Saw
21:20 Horse Collar
22:04 Heavy Plow
21:52 Town Watch
24:31 Bodkin Arrow
32:52 Ballistics
32:59 Padded Archer Armor
36:57 Imperial Age
35:04 Wheelbarrow
35:50 Thumb Ring
37:29 Bloodlines
37:20 Husbandry
37:39 Leather Archer Armor
37:41 Bracer
38:04 Conscription
38:30 Medium Warships
38:35 Scale Barding Armor
38:40 Forging
37:53 Light Cavalry
39:31 Parthian Tactics
40:41 Chain Barding Armor
39:43 Hussar
41:18 Hoardings
42:44 Iron Casting
42:47 Cavalier
46:02 Caravan
48:11 Blast Furnace
48:45 Chemistry
47:56 Masonry
47:56 Capped Ram
50:36 Murder Holes
50:42 Elite Mangudai
59:16 Hand Cart
59:01 Town Patrol
61:21 Siege Engineers
ANGELSK3956
10:52 Feudal Age
14:57 Castle Age
13:33 Double-Bit Axe
14:09 Horse Collar
14:30 Man-at-Arms
18:33 Loom
19:51 Scale Mail Armor
22:09 Forging
27:54 Wheelbarrow
29:13 Iron Casting
30:52 Elite Skirmisher
31:24 Fletching
33:49 Stone Mining
34:59 Bow Saw
37:25 Gold Mining
41:10 Hand Cart
41:22 Bodkin Arrow
43:44 Heavy Plow
46:21 Imperial Age
43:38 Town Watch
Sythe
11:01 Feudal Age
12:41 Loom
15:02 Castle Age
14:17 Double-Bit Axe
14:30 Horse Collar
16:42 Wheelbarrow
16:24 Bow Saw
16:18 Heavy Plow
16:36 Loom
27:45 Loom
30:40 Imperial Age
28:52 Forging
28:42 Scale Mail Armor
30:14 Iron Casting
29:33 Arson
31:08 Elite Fire Lancer
32:52 Blast Furnace
32:08 Chain Mail Armor
31:37 Capped Ram
32:18 Siege Ram
34:00 Chemistry
33:21 Ballistics
tzsmwwl
11:22 Feudal Age
15:06 Castle Age
13:08 Double-Bit Axe
13:45 Horse Collar
14:17 Gold Mining
16:30 Bow Saw
19:53 Heavy Plow
28:39 Imperial Age
28:35 Fortified Wall
28:37 Scale Barding Armor
28:43 Forging
30:03 Wheelbarrow
29:14 Loom
29:14 Town Watch
30:56 Chemistry
30:17 Ballistics
30:23 Chain Barding Armor
30:52 Gold Shaft Mining
30:08 Stone Mining
31:31 Elite Mameluke
32:32 Conscription
32:31 Hand Cart
34:02 Plate Barding Armor
34:03 Iron Casting
33:52 Fletching
34:03 Padded Archer Armor
35:28 Siege Engineers
35:34 Masonry
35:20 Murder Holes
35:28 Scale Mail Armor
36:59 Blast Furnace
37:18 Two-Man Saw
36:20 Town Patrol
38:22 Bloodlines
37:36 Light Cavalry
38:34 Husbandry
37:54 Heavy Camel Rider
38:39 Bodkin Arrow
39:00 Leather Archer Armor
40:35 Hussar
42:13 Bracer
42:43 Ring Archer Armor
43:14 Coinage
42:46 Caravan
45:17 Treadmill Crane
TigerOfThanjai
4:03 Loom
11:20 Feudal Age
15:56 Domestication
18:24 Castle Age
16:41 Double-Bit Axe
18:00 Forging
20:21 Iron Casting
23:35 Husbandry
24:44 Scale Barding Armor
26:01 Bow Saw
25:53 Pastoralism
26:15 Gold Mining
27:37 Stone Mining
29:05 Stone Shaft Mining
30:31 Wheelbarrow
33:24 Imperial Age
30:41 Town Watch
31:22 Fletching
31:15 Treadmill Crane
32:13 Hand Cart
32:23 Chain Barding Armor
32:50 Ballistics
33:01 Bodkin Arrow
33:44 Elite Steppe Lancer
35:02 Plate Barding Armor
35:05 Masonry
36:08 Two-Man Saw
35:40 Transhumance
35:49 Conscription
36:45 Bracer
37:48 Chemistry
38:46 Murder Holes
46:16 Ordo Cavalry
49:37 Siege Engineers
55:35 Light Cavalry
57:49 Hussar
Connection lost

Rejoining the realm…

Still unreachable

The connection could not be restored.

Session expired

The server has moved on; the page needs a fresh start.